 Dungeon Crawl Stone Soup version 0.22.1-2-g9c5b331 (webtiles) character file.

116 magicm the Skirmisher (level 4, 0/37 HPs)
             Began as a Demonspawn Abyssal Knight on Nov 16, 2018.
             Was a Believer of Lugonu.
             Slain by a jackal (3 damage)
             ... on level 3 of the Dungeon.
             The game lasted 00:06:36 (2919 turns).

magicm the Skirmisher (Demonspawn Abyssal Knight)   Turns: 2919, Time: 00:06:36

Health: 0/37       AC:  6    Str: 12 (13) XL:     4   Next: 70%
Magic:  5/5        EV: 11    Int: 12 (14) God:    Lugonu [**....]
Gold:   133        SH:  0    Dex: 14 (15) Spells: 3/3 levels left

rFire    + . .     SeeInvis .   a - +1 falchion
rCold    + . .     Gourm    .   (no shield)
rNeg     . . .     Faith    .   b - +0 leather armour
rPois    +         Spirit   .   (no helmet)
rElec    +         Reflect  .   (no cloak)
rCorr    +         Harm     .   e - +2 pair of gloves {Dex+3}
MR       .....                  (no boots)
Stlth    +++.......             (no amulet)
HPRegen  0.12/turn              (no ring)
MPRegen  0.09/turn              (no ring)

@: resistant
A: nightstalker 2
a: Depart the Abyss, Bend Space, Renounce Religion


You were on level 3 of the Dungeon.
You worshipped Lugonu.
Lugonu was pleased with you.
You were not hungry.

You visited 1 branch of the dungeon, and saw 3 of its levels.
You visited the Abyss 1 time.

You collected 133 gold pieces.

Inventory:

Hand Weapons
 a - a +1 falchion (weapon)
Armour
 b - a +0 leather armour (worn)
 e - a +2 pair of gloves of dexterity (worn)
Jewellery
 c - an uncursed amulet of the gourmand {unknown}
Comestibles
 f - 3 rations


   Skills:
 + Level 3.6 Fighting
 + Level 3.0 Long Blades
 + Level 2.6 Armour
 + Level 1.3 Dodging
 + Level 1.1 Stealth
 + Level 2.4 Invocations


You had 3 spell levels left.
You didn't know any spells.
Your spell library was empty.

Dungeon Overview and Level Annotations

Branches:
Dungeon (3/15)

Altars:
Okawaru
Yredelemnul
Zin


Innate Abilities, Weirdness & Mutations

You are significantly more attuned to the shadows.


Message History

It was a potion of resistance.
You feel protected. The jackal bites you.
* * * LOW HITPOINT WARNING * * *
The gnoll hits you but does no damage.
It was a potion of degeneration.
There was something very wrong with that liquid.
You feel weakened.
You feel dopey.
You feel clumsy.
The jackal bites you but does no damage.
A bat comes into view.
The jackal barely misses you.
The gnoll hits you from afar with a halberd.
* * * LOW HITPOINT WARNING * * *
You closely miss the jackal.
The jackal bites you but does no damage.
The gnoll misses you.
You hit the jackal.
The jackal is lightly wounded.
The jackal bites you.
You die...

...##........####.≈≈≈≈..#
##†##........# #P(....##
##.##...(....#####..####
.........†......##.##
##.######.#.###.##.# #.#
#...>.###.##.# #.#
#.#..........# #..
.......#.#..###
#..##..#(.....?@#
.#.......##h#
........####.g....
#...... ....... #......
#......


You could see a gnoll and a jackal.

Vanquished Creatures
  Jessica (D:3)
  2 gnolls (D:3)
  An adder (D:2)
  An ooze (D:3)
  A worm (D:3)
  A dart slug (D:1)
  3 leopard geckos
  4 orcs (D:2)
  5 giant cockroaches
  4 hobgoblins
  5 jackals
  A kobold (D:2)
  3 bats
  3 frilled lizards
  6 goblins
  6 rats
47 creatures vanquished.

Notes
Turn   | Place    | Note
-------+----------+-------------------------------------------
     0 | Abyss:1  | magicm the Demonspawn Abyssal Knight began the quest for
                  | the Orb.
     0 | Abyss:1  | Reached XP level 1. HP: 18/18 MP: 2/2
     0 | D:1      | Escaped the Abyss
   276 | D:1      | Reached skill level 1 in Dodging
   276 | D:1      | Gained mutation: You are slightly more attuned to the
                  | shadows. [demonic ancestry]
   276 | D:1      | Reached XP level 2. HP: 21/24 MP: 3/3
   469 | D:1      | Reached * piety under Lugonu
  1236 | D:2      | Reached XP level 3. HP: 23/29 MP: 4/4
  1906 | D:2      | Found a glowing silver altar of Zin.
  2434 | D:2      | Found an iron altar of Okawaru.
  2441 | D:2      | Found a basalt altar of Yredelemnul.
  2621 | D:3      | Noticed Jessica
  2634 | D:3      | Killed Jessica
  2634 | D:3      | Gained mutation: You are significantly more attuned to the
                  | shadows. [demonic ancestry]
  2634 | D:3      | Reached XP level 4. HP: 16/35 MP: 5/5
  2819 | D:3      | Reached skill level 1 in Stealth
  2913 | D:3      | Reached ** piety under Lugonu
  2919 | D:3      | Slain by a jackal

Skill      XL: |  1  2  3  4 |
---------------+-------------+-----
Armour         | 2 |  2.6
Dodging        | 1 |  1.3
Long Blades    | 2 3 |  3.0
Stealth        | 1 |  1.1
Fighting       | |  3.6
Invocations    | |  2.4

Action                   |  1- 3 |  4- 6 || total
-------------------------+-------+-------++-------
Melee: Falchion          |   125 |    38 ||   163
Invok: Depart the Abyss  |     1 |       ||     1
  Use: Scroll            |     5 |       ||     5
       Potion            |     1 |     2 ||     3
 Stab: Sleeping          |     4 |       ||     4
       Distracted        |     1 |       ||     1
  Eat: Ration            |     2 |       ||     2
Armor: Leather armour    |    54 |    17 ||    71
Dodge: Dodged            |    93 |    25 ||   118
       Rpst.: Falchion   |    24 |     5 ||    29
